 Dungeon Crawl Stone Soup version 0.29-a0-892-g2c4c91d9db (webtiles) character file.

Game seed: 1356389317515366170

1624 Mesmaeker13 the Caller (level 8, 0/57 HPs)
             Began as a Demigod Summoner on July 22, 2022.
             Slain by a black bear (3 damage)
             ... on level 6 of the Dungeon.
             The game lasted 00:15:30 (7497 turns).

Mesmaeker13 the Caller (Demigod Summoner)           Turns: 7497, Time: 00:15:32

Health: 0/57       AC:  4    Str: 17    XL:     8   Next: 38%
Magic:  8/15       EV: 13    Int: 17    God:
Gold:   194        SH:  0    Dex: 14    Spells: 1/13 levels left

rFire   + . .      SeeInvis .   o - +0 triple sword (vamp) {lkhug}
rCold   . . .      Faith    .   (shield currently unavailable)
rNeg    . . .      Spirit   .   n - +0 leather armour {rF+}
rPois   .          Reflect  .   (no helmet)
rElec   .          Harm     .   z - +0 cloak
rCorr   .          Rampage  .   (no gloves)
Will    .....                   (no boots)
Stlth   ++........              (no amulet)
HPRegen 0.19/turn               f - ring of wizardry
MPRegen 0.14/turn               (no ring)

@: no status effects
A: high MP 1, forlorn, divine attributes
a: no special abilities


You were on level 6 of the Dungeon.
You visited 1 branch of the dungeon, and saw 6 of its levels.

You collected 194 gold pieces.

Inventory:

Hand Weapons
 m - a +2 dagger of speed
 o - a +0 vampiric triple sword (weapon) {lkhug}
 y - a +0 vampiric trident
Missiles
 i - 2 throwing nets
 t - 4 poisoned darts (quivered)
Armour
 n - a +0 leather armour of fire resistance (worn)
 z - a +0 cloak (worn)
Jewellery
 f - a ring of wizardry (left hand)
Scrolls
 d - a scroll of silence {unknown}
 e - a scroll of poison
 g - a scroll of amnesia
 h - a scroll of noise {unknown}
 k - 2 scrolls of vulnerability
 l - a scroll of blinking
 p - 3 scrolls of butterflies {unknown}
 q - 4 scrolls of teleportation {unknown}
 s - a scroll of immolation {unknown}
 A - a scroll of enchant armour {unknown}
Potions
 a - a potion of curing
 b - a potion of magic
 c - 3 potions of might {unknown}
 j - 2 potions of attraction {unknown}
 r - a potion of mutation {unknown}
 u - a potion of cancellation {unknown}
 v - a potion of heal wounds {unknown}
 w - a potion of haste {unknown}
 x - a potion of lignification {unknown}


   Skills:
 + Level 4.2 Long Blades
 + Level 5.2 Dodging
 - Level 1.7 Stealth
 - Level 3.0 Spellcasting
 + Level 4.1 Hexes
 + Level 6.1 Summonings
 + Level 1.9 Air Magic


You had one spell level left.
You knew the following spells:

 Your Spells              Type           Power      Damage    Failure   Level
a - Summon Guardian Gole  Hex/Summ       20%        N/A       3%          3
b - Call Imp              Summ           23%        N/A       1%          2
c - Call Canine Familiar  Summ           23%        N/A       1%          3
d - Summon Lightning Spi  Summ/Air       16%        N/A       16%         4

Your spell library contained the following spells:

 Spells                   Type           Power      Damage    Failure   Level
 Slow                     Hex            64%        N/A       1%          1
 Summon Small Mammal      Summ           92%        N/A       1%          1
 Confusing Touch          Hex            16%        N/A       4%          3
 Tukima's Dance           Hex            16%        N/A       4%          3
 Mephitic Cloud           Conj/Pois/Air  4%         N/A       21%         3
 Gell's Gravitas          Tloc           2%         N/A       26%         3
 Ignite Poison            Fire/Tmut/Pois 2%         N/A       26%         3
 Teleport Other           Tloc           2%         N/A       26%         3
 Vampiric Draining        Necr           2%         2d6       26%         3
 Passage of Golubria      Tloc           2%         N/A       61%         4
 Yara's Violent Unravell  Hex/Tmut       4%         3d4       67%         5
 Freezing Cloud           Conj/Ice/Air   2%         6-21      86%         5
 Fireball                 Conj/Fire      1%         3d3       90%         5
 Iskenderun's Battlesphe  Conj           2%         2d6       90%         5
 Conjure Ball Lightning   Conj/Air       2%         3x3d6     100%        6
 Dispersal                Tloc           1%         N/A       100%        6
 Orb of Destruction       Conj           1%         9d5       100%        7


Dungeon Overview and Level Annotations

Branches:
Dungeon (6/15)
 Temple: D:4-7

Shops:
D:5 **


Innate Abilities, Weirdness & Mutations

You have an increased reservoir of magic. (+10% MP)
You shall have no god before yourself.
Your divine heritage dramatically boosts your attributes as you level up.


Message History

An electric hum fills the air.
The black bear bites you. The black bear claws you. x2
Your lightning spire shoots out a bolt of lightning at the black bear!
The bolt of electricity hits the black bear! x2
The bolt of electricity hits your lightning spire.
Your lightning spire completely resists.
The black bear goes berserk!
Unknown command.
The black bear bites your lightning spire but does no damage.
The black bear claws your lightning spire but does no damage.
The black bear barely misses your lightning spire.
Unknown command.
The black bear bites your lightning spire but does no damage.
The black bear claws your lightning spire but does no damage. x2
The black bear bites your lightning spire!
The black bear claws your lightning spire but does no damage. x2
Unknown command.
The black bear bites your lightning spire.
The black bear claws your lightning spire but does no damage. x2
The black bear bites your lightning spire!
Your lightning spire is destroyed!
Your lightning spire disappears in a puff of smoke!
Casting: Summon Lightning Spire (dangerous; 16% risk of failure)
Confirm with . or Enter, or press ? or * to list all spells.
An electric hum fills the air.
The black bear rages.
You slash the black bear!
The black bear is almost dead.
The black bear bites you! The black bear claws you.
The black bear claws you but does no damage.
The black bear bites you.
The black bear claws you but does no damage.
The black bear claws you.
* * * LOW HITPOINT WARNING * * *
The black bear bites you!
* * * LOW HITPOINT WARNING * * *
The black bear claws you.
* * * LOW HITPOINT WARNING * * *
The black bear claws you.
You die...

......)..........##
######.#..........
#...#######..#
###...### #..#
#)......#####..#
#............§.#
#.......##.#.8§#
###...####>..#h#
#...# #####@# #####
#.# #^# #.# #.# ..#
###


You could see a black bear (berserk, ally target) and a friendly lightning spire
(summoned).

Vanquished Creatures
  An ice beast (D:5)
  A black bear (D:5)
  A phantom (D:5)
  A scorpion (D:6)
  2 wights (D:6)
  A howler monkey (D:4)
  2 orc priests
  A gnoll bouda (D:5)
  An iguana (D:5)
  An orc wizard (D:4)
  2 gnolls (D:5)
  4 adders
  2 shadow imps (D:5)
  A white imp (D:5)
  An ufetubus (D:6)
  3 worms
  2 dart slugs
  5 orcs
  7 ball pythons
  3 endoplasms
  A giant cockroach (D:2)
  3 goblins (D:2)
  2 hobgoblins (D:4)
  A jackal (D:1)
  A quokka (D:2)
  5 bats
  6 kobolds
  4 rats
65 creatures vanquished.

Vanquished Creatures (collateral kills)
  A water moccasin (D:5)
  An ice beast (D:4)
  A black bear (D:6)
  An ogre (D:5)
  2 scorpions (D:5)
  2 wights (D:6)
  An orc priest (D:5)
  A hound (D:5)
  Crazy Yiuf (D:5)
  An iguana (D:5)
  An orc wizard (D:5)
  6 gnolls
  5 adders
  A worm (D:2)
  6 orcs
  2 bats (D:1)
  4 endoplasms
  2 hobgoblins
  A jackal (D:1)
  A ball python (D:4)
41 creatures vanquished.

Vanquished Creatures (others)
  3 gnolls (D:5)
  3 plants (D:1)
6 creatures vanquished.

Grand Total: 112 creatures vanquished

Notes
Turn   | Place    | Note
-------+----------+-------------------------------------------
     0 | D:1      | Mesmaeker13 the Demigod Summoner began the quest for the
                  | Orb.
     0 | D:1      | Reached XP level 1. HP: 14/14 MP: 5/5
   388 | D:1      | Reached XP level 2. HP: 20/20 MP: 5/7
  1149 | D:2      | Learned a level 2 spell: Call Imp
  1342 | D:2      | You fall into a shaft and drop 1 floor!
  1441 | D:2      | Reached skill level 4 in Summonings
  1441 | D:2      | Reached XP level 3. HP: 22/26 MP: 9/9
  2230 | D:2      | Learned a level 3 spell: Call Canine Familiar
  2646 | D:3      | Reached XP level 4. HP: 26/33 MP: 6/10
  3057 | D:4      | Learned a level 3 spell: Summon Guardian Golem
  3475 | D:4      | Noticed an ice beast
  3487 | D:4      | Killed an ice beast
  3488 | D:4      | Reached skill level 1 in Long Blades
  3488 | D:4      | Reached skill level 1 in Hexes
  3488 | D:4      | Reached XP level 5. HP: 16/38 MP: 1/12
  3927 | D:4      | Reached XP level 6. HP: 45/45 MP: 10/13
  4361 | D:5      | Entered Level 5 of the Dungeon
  4362 | D:5      | Found Losar's Specific Store.
  4364 | D:5      | Found Iluod's General Store.
  4642 | D:5      | Reached skill level 5 in Summonings
  4933 | D:5      | Reached XP level 7. HP: 50/50 MP: 7/14
  5337 | D:5      | Found a runed translucent door.
  5338 | D:5      | Noticed Crazy Yiuf
  6226 | D:5      | Learned a level 4 spell: Summon Lightning Spire
  6309 | D:5      | Reached XP level 8. HP: 18/57 MP: 13/15
  6840 | D:5      | Killed Crazy Yiuf
  7033 | D:6      | Reached skill level 1 in Air Magic
  7254 | D:6      | Reached skill level 5 in Dodging
  7300 | D:6      | Reached skill level 6 in Summonings
  7497 | D:6      | Slain by a black bear

Illustrated notes

Levels and vault maps discovered:
D:1:      shiori_arrival_maze, layout_basic,
          shapermc_ecumenical_altar_mp_urbaneastern, corexii_leaking_fountain
D:2:      layout_basic, grunt_ministairs_8, nrook_mini_vaults
D:3:      layout_rooms
D:4:      layout_basic, fedhas_altar_1, feat_on_display
D:5:      layout_layer_cave, mainiacjoe_overflow_big_doors,
          nicolae_specific_store, uniq_crazy_yiuf_cottage
D:6:      layout_loops_ring, minmay_temple_entry_stoned_glass, uniq_eustachio

Skill      XL: |  1  2  3  4  5  6  7  8 |
---------------+-------------------------+-----
Dodging        | 2 3 4 5 |  5.2
Spellcasting   | 2 3 |  3.0
Summonings     | 4 5 6 |  6.1
Long Blades    | 1 2 3 4 |  4.2
Hexes          | 1 2 3 4 |  4.1
Air Magic      | 1 |  1.9
Stealth        | |  1.7

Action                   |  1- 3 |  4- 6 |  7- 9 || total
-------------------------+-------+-------+-------++-------
Melee: Unarmed           |    26 |       |       ||    26
       Falchion          |    40 |       |       ||    40
       Punch             |     1 |       |       ||     1
       Dagger            |    31 |       |       ||    31
       Triple sword      |    12 |    70 |    83 ||   165
Throw: Throwing net      |     1 |     3 |     3 ||     7
       Dart              |       |    12 |     7 ||    19
 Cast: Summon Small Mamm |    16 |       |       ||    16
       Call Imp          |     9 |    13 |     8 ||    30
       Call Canine Famil |     2 |    18 |    12 ||    32
       Summon Guardian G |       |     3 |     3 ||     6
       Summon Lightning  |       |       |     3 ||     3
  Use: Scroll            |     4 |     2 |     2 ||     8
       Potion            |       |       |     3 ||     3
 Stab: Sleeping          |     1 |     2 |     1 ||     4
       Distracted        |     1 |       |     1 ||     2
       Held in net/web   |     1 |     1 |       ||     2
Armor: Robe              |    18 |       |       ||    18
       Leather armour    |    11 |    19 |    20 ||    50
Dodge: Dodged            |   107 |    54 |   104 ||   265

Table legend: (Time is in decaauts)
 A = Elapsed time spent in this place.
 B = Non-inter-level travel time spent in this place.
 C = Inter-level travel time spent in this place.
 D = Time resting spent in this place.
 E = Time spent auto-exploring this place.
 F = Levels seen in this place.
 G = Mean time per level.
                   A        B        C        D        E       F      G
               +--------+--------+--------+--------+--------+-----+--------+
         Total |   7609 |   7370 |    239 |   1746 |   3987 |   6 | 1268.2 |
       Dungeon |   7609 |   7370 |    239 |   1746 |   3987 |   6 | 1268.2 |
               +--------+--------+--------+--------+--------+-----+--------+

Top non-repeatable levels by time:
     D:5: 2551 daAuts
     D:4: 1518 daAuts
     D:2: 1344 daAuts
     D:1: 859 daAuts
     D:3: 744 daAuts
     D:6: 590 daAuts
